 Dungeon Crawl Stone Soup version 0.18-a0-1481-g708b138 (webtiles) character file.

3649 mrath the Cleaver (level 9, -3/117 HPs)
             Began as a Minotaur Fighter on Mar 3, 2016.
             Was a Priest of Okawaru.
             Slain by Erica
             ... wielding a +4 scimitar of flaming
              (10 damage)
             ... on level 8 of the Dungeon.
             The game lasted 00:56:49 (9609 turns).

mrath the Cleaver (Minotaur Fighter)                Turns: 9609, Time: 00:56:49

Health: -3/117     AC: 24    Str: 25    XL:     9   Next: 88%
Magic:  20/20      EV:  2    Int:  5    God:    Okawaru [***...]
Gold:   266        SH: 11    Dex:  9    Spells: 0 memorised, 8 levels left

rFire  . . .     SeeInvis .     a - +0 war axe
rCold  . . .     Gourm    +     (armour currently unavailable)
rNeg   + + +     Faith    .     c - +0 shield
rPois  +         Spirit   .     (helmet currently unavailable)
rElec  .         Dismiss  .     (cloak currently unavailable)
rCorr  .         Reflect  .     (gloves currently unavailable)
SustAt +         Harm     .     (boots currently unavailable)
MR     .....     NoTele   +     Q - amulet "Nikaguba" {Gourm MP+9}
Stlth  +.........               (no ring)
                                T - ring of sustain attributes

@: lethally poisoned (-3 -> -4), tree-form, not resistant to hostile
enchantments, very unstealthy
A: (retaliatory headbutt), (horns 0)
a: Heroism, Renounce Religion


You were on level 8 of the Dungeon.
You worshipped Okawaru.
Okawaru was most pleased with you.
You were very full.
You were a tree.
You visited 2 branches of the dungeon, and saw 9 of its levels.
You also visited: Sewer.

You collected 266 gold pieces.

Inventory:

Hand Weapons
 a - a +0 war axe (weapon)
 k - a +0 hunting sling
 D - a +1 whip of venom
 F - a +0 blowgun
 S - a +0 flail of crushing
Missiles
 b - 11 poisoned sling bullets
 j - 179 stones
 r - 8 sling bullets of frost
 s - 37 sling bullets
 x - 3 tomahawks of returning
 G - 13 poisoned needles
 O - 3 tomahawks (quivered)
Armour
 c - a +0 shield (worn)
 p - a +0 pair of gloves (melded)
 A - a +0 cloak (melded)
 R - a +0 chain mail of cold resistance (melded)
Jewellery
 z - an uncursed amulet of faith {unknown}
 I - an uncursed amulet of the gourmand
 N - an uncursed amulet of regeneration {unknown}
 Q - the amulet "Nikaguba" (around neck) {Gourm MP+9}
   (You took it off a gnoll on level 5 of the Dungeon)

   [amulet of the gourmand]

   It allows you to eat raw meat even when not hungry.
   It affects your magic capacity (+9).
 T - a ring of sustain attributes (left branch)
Wands
 w - a wand of flame (24/48)
 P - a wand of paralysis (11/24)
 X - a wand of polymorph (10/24)
 Z - a wand of polymorph (13/24)
Scrolls
 g - 2 scrolls of identify
 i - 3 scrolls of remove curse
 m - 2 scrolls of random uselessness {unknown}
 n - 2 scrolls of fog {unknown}
 o - 2 scrolls of enchant weapon {unknown}
 q - 2 scrolls of teleportation {unknown}
 u - a scroll of immolation {unknown}
 y - a scroll of recharging {unknown}
 B - 2 scrolls of magic mapping {unknown}
 E - 2 scrolls of fear {unknown}
 L - 4 scrolls of amnesia {unknown}
 M - a scroll of vulnerability {unknown}
 W - a scroll of enchant armour {unknown}
Potions
 d - a potion of might
 e - a potion of agility {unknown}
 l - a potion of cure mutation {unknown}
 t - a potion of ambrosia {unknown}
 v - a potion of brilliance {unknown}
 C - a potion of invisibility {unknown}
 J - 2 potions of curing {unknown}
 V - 2 potions of lignification
Comestibles
 f - 10 bread rations
 h - 3 meat rations
 H - 3 chunks of flesh
 K - a beef jerky


   Skills:
 + Level 6.8 Fighting
 + Level 10.2 Axes
 + Level 6.8 Armour
 + Level 5.1 Dodging
 + Level 6.7 Shields
 + Level 3.5 Invocations
 + Level 4.3 Evocations


You had 8 spell levels left.
You didn't know any spells.

Dungeon Overview and Level Annotations

Branches:
Dungeon (8/15)             Temple (1/1) D:4
   Lair: D:8-11

Altars:
Ashenzari
Cheibriados
Dithmenos
Elyvilon
Gozag
Kikubaaqudgha
Makhleb
Nemelex Xobeh
Okawaru
Pakellas
Qazlal
Ru
Sif Muna
Trog
Vehumet
Xom
Yredelemnul
Zin
The Shining One

Annotations:
D:8 Erica, Erolcha


Innate Abilities, Weirdness & Mutations

((You reflexively headbutt those who attack you in melee.))
((You have a pair of horns on your head.))


Message History

You feel sick. You block Erica's attack.
You hit Erica.
Erica is heavily wounded.
You block Erica's attack.
You hit Erica but do no damage.
Erica is heavily wounded.
You feel sick. Erica hits you but does no damage.
You hit Erica.
Erica is heavily wounded.
You feel sick. Erica hits you but does no damage.
You hit Erica.
Erica is severely wounded.
You feel sick. Erica hits you but does no damage.
You hit Erica but do no damage.
Erica is severely wounded.
You hit Erica.
Erica is severely wounded.
You feel sick.
Erica hits you with a scimitar of flaming!
You die...

##........#.#.#. #.#
##.......##.#.#.####### #.#
>...........#.........# #.#
##..##.#..#####.....#.####.#
..........###..............#
.##....#...........#..######
.##....##..##.###.....#
.##.........#.#......##
.####.##.#..#.#.♣.####
..............#.@.#
#####.##. ....#...# # #. ##
###:#...### # #.......# #
#........# # #.........#
#.(.......# #.........#


You could see Erica.

Vanquished Creatures
  A spriggan (D:6)
  Menkaure (D:5)
  A sky beast (D:6)
  A necrophage (D:7)
  2 centaurs
  2 ice beasts (D:5)
  6 ogres
  7 big kobolds (Sewer)
  2 giant frogs
  A scorpion (D:5)
  4 wights (D:6)
  2 crimson imps (D:5)
  A centaur zombie (D:7)
  A hound (D:4)
  3 jellies
  6 orc wizards
  4 gnoll shamans (D:5)
  Crazy Yiuf (D:6)
  A giant frog skeleton (D:6)
  2 iguanas (D:6)
  4 worker ants
  A killer bee zombie (D:5)
  A hound zombie (D:7)
  44 gnolls
  2 river rats (Sewer)
  14 adders
  A shadow imp (D:7)
  4 oozes
  An adder skeleton (D:5)
  8 worms
  A dart slug (D:3)
  3 giant geckos
  21 orcs
  12 giant cockroaches
  7 hobgoblins
  34 jackals
  3 quokkas
  10 ball pythons
  5 bats (D:1)
  6 giant newts
  6 goblins
  2 jackal skeletons (D:4)
  7 kobolds
  2 quokka zombies (D:5)
  16 rats
264 creatures vanquished.

Vanquished Creatures (others)
  Pikel (D:4)
  A wizard (D:3)
  4 slaves (D:4)
  2 gnolls (D:4)
8 creatures vanquished.

Grand Total: 272 creatures vanquished

Notes
Turn   | Place    | Note
--------------------------------------------------------------
     0 | D:1      | mrath the Minotaur Fighter began the quest for the Orb.
     0 | D:1      | Reached XP level 1. HP: 19/19 MP: 0/0
    60 | D:1      | Reached skill level 3 in Axes
   116 | D:1      | Reached XP level 2. HP: 26/26 MP: 1/1
   200 | D:1      | Reached skill level 4 in Axes
   324 | D:1      | Reached XP level 3. HP: 31/31 MP: 2/2
   578 | D:1      | Reached skill level 5 in Axes
   709 | D:2      | Reached XP level 4. HP: 37/39 MP: 3/3
  1089 | D:2      | Found an opulent altar of Gozag.
  1323 | D:3      | Found a sacrificial altar of Ru.
  1337 | D:3      | Reached skill level 6 in Axes
  1528 | D:3      | Reached XP level 5. HP: 32/45 MP: 4/4
  1735 | D:3      | Found a stormy altar of Qazlal.
  1905 | D:3      | Found a bloodstained altar of Trog.
  1906 | D:3      | Noticed a wizard
  1911 | D:3      | Killed a wizard
  2067 | D:4      | Noticed Pikel
  2067 | D:4      | Noticed a slave
  2067 | D:4      | Noticed a slave
  2067 | D:4      | Noticed a slave
  2118 | D:4      | Reached skill level 7 in Axes
  2122 | D:4      | Noticed an ogre
  2319 | D:4      | Killed an ogre
  2319 | D:4      | Reached XP level 6. HP: 41/51 MP: 5/5
  2410 | D:4      | Found a deep blue altar of Sif Muna.
  2414 | D:4      | Found a bloodstained altar of Trog.
  2415 | D:4      | Found a snail-covered altar of Cheibriados.
  2486 | D:4      | Reached skill level 8 in Axes
  2650 | D:4      | Killed a slave
  2695 | D:4      | Found a sparkling altar of Nemelex Xobeh.
  2697 | D:4      | Reached skill level 1 in Dodging
  2752 | D:4      | Killed a slave
  2762 | D:4      | Killed Pikel
  2768 | D:4      | Killed a freed slave
  2862 | D:4      | Reached XP level 7. HP: 58/58 MP: 6/6
  3029 | D:4      | Found a staircase to the Ecumenical Temple.
  3038 | Temple   | Entered the Ecumenical Temple
  3065 | Temple   | Became a worshipper of Warmaster Okawaru
  3267 | D:4      | Found a glowing drain.
  3272 | Sewer    | Entered a sewer
  3305 | Sewer    | Reached skill level 1 in Evocations
  3557 | Sewer    | Reached * piety under Okawaru
  3654 | Sewer    | Reached skill level 9 in Axes
  3668 | Sewer    | Reached XP level 8. HP: 64/67 MP: 8/8
  3887 | Sewer    | Reached skill level 5 in Armour
  4025 | D:4      | Reached skill level 5 in Fighting
  4266 | D:5      | Entered Level 5 of the Dungeon
  4564 | D:5      | Reached skill level 1 in Invocations
  4684 | D:5      | Noticed Menkaure
  4732 | D:5      | Reached skill level 5 in Shields
  4752 | D:5      | Killed Menkaure
  5303 | D:5      | Found a radiant altar of Vehumet.
  5304 | D:5      | Found a burning altar of Makhleb.
  5806 | D:5      | Reached ** piety under Okawaru
  6422 | D:5      | Reached XP level 9. HP: 70/75 MP: 10/10
  6614 | D:5      | Got a vibrating steel amulet
  6646 | D:5      | Identified the amulet "Nikaguba" {Gourm MP+9} (You took it off a gnoll on level 5 of the Dungeon)
  6767 | D:5      | Noticed a manticore
  7516 | D:6      | Found a basalt altar of Yredelemnul.
  8010 | D:6      | Found an ancient bone altar of Kikubaaqudgha.
  8189 | D:6      | Reached skill level 10 in Axes
  8455 | D:7      | Noticed Crazy Yiuf
  8524 | D:6      | Killed Crazy Yiuf
  8659 | D:7      | Reached *** piety under Okawaru
  9054 | D:7      | Reached skill level 5 in Dodging
  9283 | D:7      | Found a white marble altar of Elyvilon.
  9287 | D:7      | Found a glowing golden altar of the Shining One.
  9288 | D:7      | Found a glowing silver altar of Zin.
  9528 | D:8      | Noticed Erolcha
  9582 | D:8      | Noticed Erica
  9609 | D:8      | Slain by Erica

Vault maps used:
D:1:      onia_arrival_larder
D:2:      marbit_many_paths, first_bread
D:3:      nicolae_ru_awakened_eye, nicolae_qazlal_general_emergency, trog_wizard
D:4:      nemelex_xobeh_ov_fountains_minmay, minitemple,
          lemuel_temple_firewalk_marked, gup_sewer_entry_spiral, uniq_pikel
D:5:      lemuel_castle_with_subvaults,
          grunt_temple_overflow_lords_of_destruction, uniq_menkaure
D:6:      kennysheep_mini, overflow_temple_1_default
D:7:      good_gods_temple_1, the_bakery, uniq_crazy_yiuf_cottage
D:8:      uniq_erolcha, uniq_erica
Temple:   circular_temple_6
Sewer:    sewer_co_tree

Skill      XL: |  1  2  3  4  5  6  7  8  9 |
---------------+----------------------------+-----
Axes           | 3 4 5 6 7 8 9 10 | 10.2
Dodging        | 1 2 3 5 |  5.1
Fighting       | 4 5 6 |  6.8
Armour         | 4 5 6 |  6.8
Shields        | 4 5 6 |  6.7
Evocations     | 2 3 4 |  4.3
Invocations    | 2 3 |  3.5

Action                   |  1- 3 |  4- 6 |  7- 9 || total
-------------------------+-------+-------+-------++-------
Melee: War axe           |   104 |   105 |   618 ||   827
Throw: Tomahawk          |       |       |    15 ||    15
       Stone             |       |       |     1 ||     1
  Use: Potion            |       |       |     2 ||     2
       Scroll            |       |       |     3 ||     3
  Eat: Chunk             |       |     6 |    37 ||    43
       Beef jerky        |       |       |     1 ||     1
